AoeStats
← martin108

Pilgrims

509133406Analyzed
3v3 RM · 8d ago on Sep 25, 2026· 39m 7s· 6 players
Game mode
Random Map
Map size
Normal (6 player)
Population
200
Speed
Normal
Resources
Standard
Victory
Conquest
Starting age
Dark Age
Ending age
Imperial Age
RankedLock teamsTeams togetherTeam positionsShared explorationLock speedFull tech treeHidden civsTurbo modeCheats
Victory
Defeat
🇪🇪 Ethiopians · Estonia
929
+15
🇱🇹 Britons · Lithuania
922
+15
🇹🇷 Celts · Türkiye
870
+17
🇨🇿 Japanese · Czechia
922
-17
🇨🇿 Turks · Czechia
887
-15
🇨🇿 Persians · Czechia
881
-15
malejgaz
4:06 Loom
5:33 Loom
11:26 Feudal Age
11:49 Horse Collar
12:00 Double-Bit Axe
11:57 Fishing Lines
12:30 Town Watch
19:44 Castle Age
19:44 Fletching
20:21 Gillnets
20:35 Heavy Plow
20:38 Stone Mining
20:39 Gold Mining
21:40 Bodkin Arrow
21:45 Murder Holes
22:12 Ballistics
22:24 Guard Tower
26:10 Scale Mail Armor
28:19 Wheelbarrow
29:00 Forging
31:06 Chain Mail Armor
31:30 Arson
31:06 Man-at-Arms
33:24 Masonry
32:56 Treadmill Crane
33:28 Clinker Construction
33:48 Masonry
34:23 Yasama
38:54 Hand Cart
39:34 Bow Saw
wheder
8:53 Loom
14:44 Feudal Age
15:09 Double-Bit Axe
15:05 Horse Collar
16:27 Wheelbarrow
15:37 Town Watch
15:51 Fishing Lines
19:32 Castle Age
20:14 Stone Mining
20:14 Gold Mining
20:39 Bow Saw
20:31 Heavy Plow
22:26 Gillnets
22:47 Medium Warships
22:36 Demolition Ship
29:39 Hand Cart
29:25 Town Patrol
30:45 Scale Barding Armor
30:51 Forging
35:47 Imperial Age
35:58 Gold Shaft Mining
36:00 Stone Shaft Mining
39:31 Chemistry
38:52 Ballistics
38:29 Murder Holes
38:45 Masonry
38:26 Light Cavalry
39:16 Bloodlines
39:07 Husbandry
38:29 Cavalier
mira876
6:49 Loom
10:25 Feudal Age
11:18 Double-Bit Axe
11:17 Horse Collar
13:15 Wheelbarrow
12:27 Town Watch
16:32 Gold Mining
18:32 Forging
20:58 Castle Age
19:09 Fletching
19:20 Padded Archer Armor
19:21 Scale Mail Armor
21:56 Bow Saw
21:52 Heavy Plow
22:41 Town Patrol
25:15 Stone Mining
28:47 Hand Cart
29:59 Crossbowman
33:12 Iron Casting
32:34 Bodkin Arrow
36:28 Squires
35:50 Man-at-Arms
martin108
4:16 Loom
13:00 Feudal Age
13:30 Double-Bit Axe
13:31 Fishing Lines
24:19 Castle Age
25:29 Wheelbarrow
24:51 Demolition Ship
25:52 Medium Warships
25:36 Gillnets
26:16 Town Watch
26:51 Bow Saw
28:50 Fletching
33:39 Hand Cart
37:16 Bodkin Arrow
37:22 Padded Archer Armor
37:23 Scale Mail Armor
37:40 Town Patrol
37:33 Demolition Ship
38:39 Clinker Construction
38:40 Careening
38:53 Ballistics
38:36 Heated Shot
Hz.Jesus
12:16 Feudal Age
18:25 Castle Age
16:26 Fishing Lines
17:34 Double-Bit Axe
17:12 Man-at-Arms
18:09 Forging
17:59 Scale Mail Armor
18:38 Long Swordsman
19:04 Gambesons
19:05 Arson
20:42 Town Watch
21:38 Iron Casting
21:27 Chain Mail Armor
26:02 Gold Mining
26:03 Stone Mining
27:11 Gillnets
28:06 Bow Saw
32:00 Imperial Age
31:02 Stronghold
32:01 Capped Ram
34:24 Plate Mail Armor
35:56 Siege Ram
38:03 Furor Celtica
39:33 Siege Engineers
39:50 Ballistics
zilvinasleonavicius84
12:59 Feudal Age
13:22 Horse Collar
13:32 Double-Bit Axe
21:16 Castle Age
20:29 Stone Mining
20:31 Gold Mining
21:14 Fishing Lines
22:20 Bow Saw
22:33 Heavy Plow
24:33 Forging
24:15 Fletching
26:00 Wheelbarrow
25:36 Gillnets
25:48 Loom
25:50 Town Watch
31:37 Imperial Age
29:01 Crossbowman
30:00 Hand Cart
31:45 Iron Casting
31:06 Bodkin Arrow
31:15 Padded Archer Armor
33:28 Blast Furnace
32:25 Bodkin Arrow
34:28 Arbalester
38:24 Yeomen
39:29 Chemistry
38:33 Bracer
39:35 Leather Archer Armor
39:19 Murder Holes
38:59 Sappers
Connection lost

Rejoining the realm…

Still unreachable

The connection could not be restored.

Session expired

The server has moved on; the page needs a fresh start.